[ PARTIDA AOE2 · #507296558 ]
UnrankedMongoles vs Spanish
Equipo del jugador · DERR
Equipo rival · VICT
[ ANÁLISIS DE REPETICIÓN · EXTRAÍDO DE LA PARTIDA GRABADA ]
Feudal
9:31
Castillos
23:59
Imperial
56:04
| APM promedio | 57.6 |
| APM pico | 101 |
| eAPM promedio | 32.0 |
| Aldeanos / militares | 186 / 249 |
Foco
⚔️ 40.9% · 🌾 59.1%
Skirmisher ×123 · Scout Cavalry ×80 · Monk ×19 · Petard ×9 · Mangudai ×9 · Militia ×5
Feudal
11:15
Castillos
14:47
Imperial
—
| APM promedio | 51.4 |
| APM pico | 103 |
| eAPM promedio | 26.3 |
| Aldeanos / militares | 207 / 150 |
Foco
⚔️ 37.7% · 🌾 62.3%
Conquistador ×86 · Battering Ram ×33 · Mangonel ×10 · Spearman ×7 · Missionary ×6 · Petard ×4
Mapa de la partida
Recursos iniciales + cada clic de construcción. Líneas = muros · curvas = relieve. ◆ oro · ⬟ piedra · ● bayas · ✦ reliquia · ◌ hueco del cierre
Tu base· Abierta — flanco sin cerrar
Base de DYN_BenderGC· Abierta — flanco sin cerrar
Terreno inicial suavizado · ◌ = hueco del cierre detectado · pasá el cursor para detalles
Inputs por minuto
— TdB.holland89 - - DYN_BenderGC
Build order — TdB.holland89
Primeras 150 de 695 acciones detectadas
| 0:00 | Encolar | Villager (Male) |
| 0:00 | Encolar | Villager (Male) |
| 0:01 | Construir | House |
| 0:03 | Construir | House |
| 0:21 | Encolar | Villager (Male) |
| 0:21 | Encolar | Villager (Male) |
| 0:21 | Encolar | Villager (Male) |
| 1:30 | Encolar | Villager (Male) |
| 1:30 | Encolar | Villager (Male) |
| 1:47 | Investigar | Loom |
| 1:58 | Encolar | Villager (Male) |
| 1:59 | Encolar | Villager (Male) |
| 2:19 | Encolar | Villager (Male) |
| 2:25 | Construir | Lumber Camp |
| 3:30 | Encolar | Villager (Male) |
| 3:30 | Encolar | Villager (Male) |
| 3:31 | Encolar | Villager (Male) |
| 3:31 | Encolar | Villager (Male) |
| 3:56 | Encolar | Villager (Male) |
| 3:56 | Encolar | Villager (Male) |
| 3:56 | Encolar | Villager (Male) |
| 4:01 | Construir | House |
| 4:28 | Encolar | Villager (Male) |
| 4:37 | Construir | Barracks |
| 4:46 | Encolar | Villager (Male) |
| 5:05 | Construir | House |
| 5:12 | Construir | House |
| 5:57 | Encolar | Villager (Male) |
| 6:24 | Encolar | Villager (Male) |
| 6:28 | Construir | Mill |
| 6:48 | Encolar | Villager (Male) |
| 7:21 | Investigar | Feudal Age |
| 7:51 | Encolar | Militia |
| 7:51 | Encolar | Militia |
| 7:52 | Encolar | Militia |
| 8:09 | Construir | Mining Camp |
| 8:12 | Encolar | Militia |
| 8:12 | Encolar | Militia |
| 9:08 | Encolar | Villager (Male) |
| 9:31 | Edad | Edad Feudal |
| 9:32 | Investigar | Man-at-Arms (upgrade) |
| 9:32 | Investigar | Man-at-Arms (upgrade) |
| 10:05 | Encolar | Villager (Male) |
| 10:07 | Construir | Mill |
| 10:28 | Construir | House |
| 10:30 | Encolar | Villager (Male) |
| 10:39 | Encolar | Villager (Male) |
| 10:43 | Construir | Farm |
| 10:44 | Construir | Farm |
| 10:56 | Construir | Watch Tower |
| 11:23 | Construir | Palisade Wall |
| 11:23 | Construir | Palisade Wall |
| 11:26 | Encolar | Villager (Male) |
| 11:28 | Construir | Farm |
| 11:44 | Construir | Outpost |
| 11:52 | Encolar | Villager (Male) |
| 11:55 | Construir | Farm |
| 12:20 | Encolar | Villager (Male) |
| 12:23 | Construir | Farm |
| 12:46 | Construir | Watch Tower |
| 12:49 | Construir | Palisade Wall |
| 12:50 | Construir | Palisade Wall |
| 12:51 | Construir | Palisade Wall |
| 12:52 | Construir | Palisade Wall |
| 12:52 | Construir | Palisade Wall |
| 12:53 | Construir | Palisade Wall |
| 12:53 | Construir | Palisade Wall |
| 12:54 | Construir | Palisade Wall |
| 13:01 | Encolar | Villager (Male) |
| 13:03 | Construir | Farm |
| 13:06 | Encolar | Villager (Male) |
| 13:25 | Construir | Palisade Wall |
| 13:27 | Construir | Palisade Wall |
| 13:29 | Construir | Palisade Wall |
| 13:35 | Encolar | Villager (Male) |
| 13:44 | Encolar | Villager (Male) |
| 13:48 | Construir | Farm |
| 13:53 | Encolar | Villager (Male) |
| 14:13 | Encolar | Villager (Male) |
| 14:31 | Encolar | Villager (Male) |
| 14:33 | Construir | House |
| 14:42 | Encolar | Villager (Male) |
| 14:53 | Construir | Watch Tower |
| 14:57 | Encolar | Villager (Male) |
| 14:59 | Construir | Farm |
| 15:06 | Construir | Farm |
| 15:11 | Construir | Farm |
| 15:23 | Construir | Palisade Wall |
| 15:24 | Construir | Palisade Wall |
| 15:26 | Construir | Palisade Wall |
| 15:29 | Construir | Palisade Wall |
| 15:49 | Construir | House |
| 16:02 | Construir | Palisade Wall |
| 16:09 | Construir | Palisade Wall |
| 16:25 | Construir | Watch Tower |
| 16:26 | Encolar | Villager (Male) |
| 16:27 | Construir | House |
| 16:30 | Construir | House |
| 16:34 | Construir | Palisade Wall |
| 16:46 | Construir | Palisade Wall |
| 16:48 | Construir | Palisade Wall |
| 16:50 | Construir | Palisade Wall |
| 16:51 | Construir | Palisade Wall |
| 16:53 | Construir | Palisade Wall |
| 16:55 | Encolar | Villager (Male) |
| 16:58 | Construir | Farm |
| 17:00 | Construir | Farm |
| 17:01 | Encolar | Villager (Male) |
| 17:02 | Encolar | Villager (Male) |
| 17:11 | Construir | Palisade Wall |
| 17:12 | Construir | Palisade Wall |
| 17:13 | Construir | Palisade Wall |
| 17:13 | Construir | Palisade Wall |
| 17:14 | Construir | Palisade Wall |
| 17:15 | Construir | Palisade Wall |
| 17:15 | Construir | Palisade Wall |
| 17:16 | Construir | Palisade Wall |
| 17:18 | Construir | Palisade Wall |
| 17:19 | Construir | Palisade Wall |
| 17:20 | Construir | Palisade Wall |
| 17:21 | Construir | Palisade Wall |
| 17:22 | Construir | Palisade Wall |
| 17:31 | Encolar | Villager (Male) |
| 17:34 | Construir | Mining Camp |
| 17:49 | Construir | Watch Tower |
| 17:52 | Construir | Palisade Wall |
| 17:58 | Construir | Blacksmith |
| 18:09 | Construir | Palisade Wall |
| 18:28 | Encolar | Villager (Male) |
| 18:31 | Construir | House |
| 18:32 | Construir | Palisade Wall |
| 18:34 | Encolar | Villager (Male) |
| 18:44 | Investigar | Fletching |
| 18:46 | Encolar | Villager (Male) |
| 18:54 | Construir | Palisade Wall |
| 18:58 | Construir | Palisade Wall |
| 19:01 | Construir | Palisade Wall |
| 19:05 | Construir | Palisade Wall |
| 19:05 | Construir | Palisade Wall |
| 19:06 | Construir | Palisade Wall |
| 19:16 | Construir | Outpost |
| 19:33 | Encolar | Villager (Male) |
| 19:44 | Construir | Outpost |
| 19:52 | Construir | Palisade Wall |
| 19:52 | Construir | Palisade Wall |
| 19:53 | Construir | Palisade Wall |
| 19:53 | Construir | Palisade Wall |
| 19:53 | Construir | Palisade Wall |
| 19:54 | Construir | Palisade Wall |
| 19:54 | Construir | Palisade Wall |
Build order — DYN_BenderGC
Primeras 150 de 488 acciones detectadas
| 0:00 | Encolar | Villager (Male) |
| 0:02 | Construir | House |
| 0:03 | Construir | House |
| 0:09 | Encolar | Villager (Male) |
| 0:13 | Encolar | Villager (Male) |
| 0:16 | Encolar | Villager (Male) |
| 1:37 | Encolar | Villager (Male) |
| 2:05 | Encolar | Villager (Male) |
| 2:18 | Encolar | Villager (Male) |
| 2:49 | Encolar | Villager (Male) |
| 2:54 | Encolar | Villager (Male) |
| 3:15 | Encolar | Villager (Male) |
| 3:31 | Construir | Lumber Camp |
| 3:31 | Encolar | Villager (Male) |
| 4:10 | Encolar | Villager (Male) |
| 4:14 | Encolar | Villager (Male) |
| 4:30 | Encolar | Villager (Male) |
| 4:37 | Construir | House |
| 5:22 | Construir | Palisade Wall |
| 5:26 | Construir | House |
| 5:40 | Construir | Palisade Wall |
| 5:40 | Encolar | Villager (Male) |
| 5:48 | Encolar | Villager (Male) |
| 6:09 | Construir | Mill |
| 6:10 | Encolar | Villager (Male) |
| 6:48 | Encolar | Villager (Male) |
| 6:52 | Encolar | Villager (Male) |
| 7:33 | Construir | Palisade Wall |
| 8:09 | Encolar | Villager (Male) |
| 8:35 | Encolar | Villager (Male) |
| 8:52 | Construir | Mining Camp |
| 9:05 | Investigar | Feudal Age |
| 9:05 | Investigar | Feudal Age |
| 9:06 | Investigar | Feudal Age |
| 10:53 | Investigar | Loom |
| 11:15 | Edad | Edad Feudal |
| 11:27 | Construir | Market |
| 11:41 | Construir | Blacksmith |
| 12:07 | Investigar | Castle Age |
| 12:07 | Investigar | Castle Age |
| 12:21 | Construir | Stone Wall |
| 13:04 | Construir | Watch Tower |
| 13:16 | Construir | Farm |
| 13:18 | Construir | Farm |
| 13:26 | Construir | Outpost |
| 13:35 | Construir | Outpost |
| 13:38 | Construir | Palisade Wall |
| 14:14 | Construir | Lumber Camp |
| 14:14 | Encolar | Villager (Male) |
| 14:21 | Construir | House |
| 14:47 | Edad | Edad de los Castillos |
| 15:04 | Investigar | Fletching |
| 15:18 | Construir | Palisade Wall |
| 15:33 | Encolar | Villager (Male) |
| 15:53 | Encolar | Villager (Male) |
| 16:26 | Encolar | Villager (Male) |
| 16:28 | Construir | Farm |
| 16:31 | Construir | Farm |
| 16:32 | Construir | Farm |
| 16:55 | Construir | Farm |
| 16:55 | Encolar | Villager (Male) |
| 17:30 | Construir | Farm |
| 17:33 | Construir | House |
| 17:42 | Construir | Town Center |
| 17:43 | Encolar | Villager (Male) |
| 17:43 | Encolar | Villager (Male) |
| 17:57 | Construir | House |
| 18:10 | Encolar | Villager (Male) |
| 18:16 | Construir | Farm |
| 18:17 | Construir | Farm |
| 18:33 | Construir | Lumber Camp |
| 18:34 | Encolar | Villager (Male) |
| 18:50 | Encolar | Villager (Male) |
| 18:55 | Construir | Farm |
| 19:01 | Encolar | Villager (Male) |
| 19:05 | Construir | Farm |
| 19:05 | Encolar | Villager (Male) |
| 19:06 | Encolar | Villager (Male) |
| 19:37 | Encolar | Villager (Male) |
| 19:54 | Construir | Monastery |
| 19:56 | Encolar | Villager (Male) |
| 20:02 | Encolar | Villager (Male) |
| 20:04 | Construir | Farm |
| 20:09 | Encolar | Villager (Male) |
| 20:16 | Encolar | Villager (Male) |
| 20:19 | Construir | House |
| 20:28 | Encolar | Villager (Male) |
| 20:39 | Construir | Farm |
| 20:43 | Construir | Farm |
| 20:55 | Encolar | Villager (Male) |
| 21:00 | Construir | Farm |
| 21:16 | Encolar | Missionary |
| 21:16 | Encolar | Missionary |
| 21:17 | Encolar | Villager (Male) |
| 21:28 | Construir | Monastery |
| 21:29 | Encolar | Villager (Male) |
| 21:34 | Encolar | Villager (Male) |
| 21:40 | Construir | Farm |
| 22:00 | Encolar | Villager (Male) |
| 22:05 | Construir | House |
| 22:07 | Encolar | Missionary |
| 22:08 | Encolar | Villager (Male) |
| 22:29 | Encolar | Villager (Male) |
| 22:37 | Encolar | Villager (Male) |
| 22:41 | Construir | Mining Camp |
| 22:41 | Encolar | Villager (Male) |
| 22:49 | Encolar | Missionary |
| 22:49 | Encolar | Missionary |
| 22:50 | Encolar | Villager (Male) |
| 23:23 | Encolar | Monk |
| 23:25 | Encolar | Villager (Male) |
| 23:26 | Encolar | Villager (Male) |
| 23:29 | Construir | House |
| 23:59 | Construir | Town Center |
| 24:00 | Encolar | Villager (Male) |
| 24:18 | Encolar | Missionary |
| 24:19 | Encolar | Villager (Male) |
| 24:20 | Encolar | Villager (Male) |
| 24:25 | Encolar | Villager (Male) |
| 24:35 | Encolar | Villager (Male) |
| 24:40 | Construir | Barracks |
| 24:41 | Encolar | Villager (Male) |
| 24:48 | Investigar | Double-Bit Axe |
| 24:49 | Investigar | Double-Bit Axe |
| 24:53 | Investigar | Horse Collar |
| 24:59 | Construir | Lumber Camp |
| 25:18 | Investigar | Wheelbarrow |
| 25:23 | Investigar | Bow Saw |
| 25:39 | Encolar | Villager (Male) |
| 25:57 | Encolar | Villager (Male) |
| 26:10 | Encolar | Villager (Male) |
| 26:19 | Encolar | Villager (Male) |
| 26:26 | Construir | Lumber Camp |
| 26:26 | Encolar | Villager (Male) |
| 26:28 | Construir | House |
| 26:29 | Construir | House |
| 26:30 | Construir | House |
| 26:30 | Construir | House |
| 26:36 | Construir | Siege Workshop |
| 26:37 | Encolar | Villager (Male) |
| 26:45 | Encolar | Spearman |
| 27:10 | Encolar | Spearman |
| 27:11 | Encolar | Spearman |
| 27:11 | Encolar | Villager (Male) |
| 27:14 | Construir | Barracks |
| 27:19 | Encolar | Spearman |
| 27:20 | Encolar | Villager (Male) |
| 27:20 | Encolar | Villager (Male) |
| 27:23 | Encolar | Villager (Male) |
| 27:27 | Encolar | Villager (Male) |
Cronología de la partida
| 4:37 | TdB.holland89 · first_building Barracks |
| 5:22 | DYN_BenderGC · wall_segment Palisade Wall x6 |
| 5:40 | DYN_BenderGC · wall_segment Palisade Wall x5 |
| 7:33 | DYN_BenderGC · wall_segment Palisade Wall x5 |
| 9:31 | TdB.holland89 · age_up feudal |
| 11:15 | DYN_BenderGC · age_up feudal |
| 11:23 | TdB.holland89 · wall_segment Palisade Wall x2 |
| 11:23 | TdB.holland89 · wall_segment Palisade Wall x4 |
| 12:06 | DYN_BenderGC · first_market_sell 100 food |
| 12:21 | DYN_BenderGC · wall_segment Stone Wall x5 |
| 12:49 | TdB.holland89 · wall_segment Palisade Wall x1 |
| 12:50 | TdB.holland89 · wall_segment Palisade Wall x2 |
| 12:51 | DYN_BenderGC · first_market_buy 100 stone |
| 12:51 | TdB.holland89 · wall_segment Palisade Wall x1 |
| 12:52 | TdB.holland89 · wall_segment Palisade Wall x2 |
| 12:52 | TdB.holland89 · wall_segment Palisade Wall x1 |
| 12:53 | TdB.holland89 · wall_segment Palisade Wall x1 |
| 12:53 | TdB.holland89 · wall_segment Palisade Wall x1 |
| 12:54 | TdB.holland89 · wall_segment Palisade Wall x1 |
| 13:25 | TdB.holland89 · wall_segment Palisade Wall x1 |
| 13:27 | TdB.holland89 · wall_segment Palisade Wall x3 |
| 13:29 | TdB.holland89 · wall_segment Palisade Wall x3 |
| 13:38 | DYN_BenderGC · wall_segment Palisade Wall x1 |
| 14:47 | DYN_BenderGC · age_up castle |
| 15:18 | DYN_BenderGC · wall_segment Palisade Wall x1 |
| 15:23 | TdB.holland89 · wall_segment Palisade Wall x1 |
| 15:24 | TdB.holland89 · wall_segment Palisade Wall x1 |
| 15:26 | TdB.holland89 · wall_segment Palisade Wall x1 |
| 15:29 | TdB.holland89 · wall_segment Palisade Wall x1 |
| 16:02 | TdB.holland89 · wall_segment Palisade Wall x1 |
| 16:09 | TdB.holland89 · wall_segment Palisade Wall x4 |
| 16:34 | TdB.holland89 · wall_segment Palisade Wall x1 |
| 16:46 | TdB.holland89 · wall_segment Palisade Wall x1 |
| 16:48 | TdB.holland89 · wall_segment Palisade Wall x1 |
| 16:50 | TdB.holland89 · wall_segment Palisade Wall x1 |
| 16:51 | TdB.holland89 · wall_segment Palisade Wall x1 |
| 16:53 | TdB.holland89 · wall_segment Palisade Wall x1 |
| 17:11 | TdB.holland89 · wall_segment Palisade Wall x1 |
| 17:12 | TdB.holland89 · wall_segment Palisade Wall x3 |
| 17:13 | TdB.holland89 · wall_segment Palisade Wall x1 |
| 17:13 | TdB.holland89 · wall_segment Palisade Wall x3 |
| 17:14 | TdB.holland89 · wall_segment Palisade Wall x4 |
| 17:15 | TdB.holland89 · wall_segment Palisade Wall x1 |
| 17:15 | TdB.holland89 · wall_segment Palisade Wall x4 |
| 17:16 | TdB.holland89 · wall_segment Palisade Wall x1 |
| 17:18 | TdB.holland89 · wall_segment Palisade Wall x4 |
| 17:19 | TdB.holland89 · wall_segment Palisade Wall x1 |
| 17:20 | TdB.holland89 · wall_segment Palisade Wall x1 |
| 17:21 | TdB.holland89 · wall_segment Palisade Wall x3 |
| 17:22 | TdB.holland89 · wall_segment Palisade Wall x3 |
| 17:52 | TdB.holland89 · wall_segment Palisade Wall x3 |
| 18:09 | TdB.holland89 · wall_segment Palisade Wall x1 |
| 18:32 | TdB.holland89 · wall_segment Palisade Wall x2 |
| 18:54 | TdB.holland89 · wall_segment Palisade Wall x2 |
| 18:58 | TdB.holland89 · wall_segment Palisade Wall x1 |
| 19:01 | TdB.holland89 · wall_segment Palisade Wall x1 |
| 19:05 | TdB.holland89 · wall_segment Palisade Wall x2 |
| 19:05 | TdB.holland89 · wall_segment Palisade Wall x1 |
| 19:06 | TdB.holland89 · wall_segment Palisade Wall x3 |
| 19:52 | TdB.holland89 · wall_segment Palisade Wall x1 |
| 19:52 | TdB.holland89 · wall_segment Palisade Wall x1 |
| 19:53 | TdB.holland89 · wall_segment Palisade Wall x1 |
| 19:53 | TdB.holland89 · wall_segment Palisade Wall x1 |
| 19:53 | TdB.holland89 · wall_segment Palisade Wall x2 |
| 19:54 | TdB.holland89 · wall_segment Palisade Wall x1 |
| 19:54 | DYN_BenderGC · first_building Monastery |
| 19:54 | TdB.holland89 · wall_segment Palisade Wall x1 |
| 19:54 | TdB.holland89 · wall_segment Palisade Wall x2 |
| 19:55 | TdB.holland89 · wall_segment Palisade Wall x2 |
| 19:55 | TdB.holland89 · wall_segment Palisade Wall x1 |
| 19:55 | TdB.holland89 · wall_segment Palisade Wall x2 |
| 19:55 | TdB.holland89 · wall_segment Palisade Wall x2 |
| 19:56 | TdB.holland89 · wall_segment Palisade Wall x2 |
| 19:56 | TdB.holland89 · wall_segment Palisade Wall x1 |
| 19:56 | TdB.holland89 · wall_segment Palisade Wall x1 |
| 19:57 | TdB.holland89 · wall_segment Palisade Wall x1 |
| 19:57 | TdB.holland89 · wall_segment Palisade Wall x1 |
| 19:57 | TdB.holland89 · wall_segment Palisade Wall x1 |
| 19:58 | TdB.holland89 · wall_segment Palisade Wall x2 |
| 20:13 | TdB.holland89 · wall_segment Palisade Wall x1 |
| 20:15 | TdB.holland89 · wall_segment Palisade Wall x1 |
| 20:16 | TdB.holland89 · wall_segment Palisade Wall x1 |
| 20:19 | TdB.holland89 · wall_segment Palisade Wall x1 |
| 21:34 | TdB.holland89 · first_market_buy 100 wood |
| 21:37 | TdB.holland89 · first_building Stable |
| 21:46 | TdB.holland89 · wall_segment Palisade Wall x1 |
| 22:32 | TdB.holland89 · first_market_sell 100 stone |
| 23:59 | TdB.holland89 · age_up castle |
| 24:40 | DYN_BenderGC · first_building Barracks |
| 26:28 | TdB.holland89 · first_building Siege Workshop |
| 26:36 | DYN_BenderGC · first_building Siege Workshop |
| 29:11 | TdB.holland89 · first_building Castle |
| 29:32 | TdB.holland89 · wall_segment Palisade Wall x1 |
| 29:38 | DYN_BenderGC · first_building Castle |
| 31:25 | TdB.holland89 · wall_segment Palisade Wall x5 |
| 34:45 | TdB.holland89 · first_building Monastery |
| 38:41 | TdB.holland89 · first_building Archery Range |
| 44:53 | DYN_BenderGC · first_building Stable |
| 56:04 | TdB.holland89 · age_up imperial |
| 57:55 | TdB.holland89 · resign |
[ ANÁLISIS IA · 1 CRÉDITO ]
¿Qué pasó realmente en esta partida?
Wolo.gg analiza cada decisión: build order, eco, micro, errores típicos por bracket. Análisis personalizado por WhatsApp o Discord en 30 segundos.
Guía civ
Mongoles
Perfil
TdB.holland89